AoeStats
← YOGI

Arena

507716472Analyzed
4v4 RM · 13d ago on Sep 19, 2026· 49m 44s· 8 players
Game mode
Random Map
Map size
Large (8 player)
Population
200
Speed
Normal
Resources
Standard
Victory
Conquest
Starting age
Dark Age
Ending age
Imperial Age
RankedLock teamsTeams togetherTeam positionsShared explorationLock speedFull tech treeHidden civsTurbo modeCheats
Victory
Defeat
🇳🇿 Magyars · New Zealand
988
+13
🇦🇺 Burgundians · Australia
976
+14
🇦🇺 Teutons · Australia
959
+14
🇮🇳 Persians · India
822
+20
🇮🇳 Britons · India
968
-17
🇹🇼 Bohemians · Taiwan
924
-15
🇹🇷 Goths · Türkiye
906
-15
🇻🇳 Franks · Vietnam
884
-14
FLAME-99
3:38 Loom
11:11 Feudal Age
12:52 Double-Bit Axe
15:43 Castle Age
13:59 Horse Collar
16:49 Bow Saw
16:44 Heavy Plow
23:56 Wheelbarrow
25:13 Pikeman
30:10 Imperial Age
29:12 Wagenburg Tactics
30:02 Ballistics
31:29 Chemistry
30:36 Squires
31:07 Scale Mail Armor
31:18 Forging
30:59 Halberdier
33:06 Two-Man Saw
31:49 Treadmill Crane
33:09 Scale Barding Armor
33:21 Chain Mail Armor
33:42 Iron Casting
34:03 Hand Cart
35:44 Houfnice
35:51 Light Cavalry
36:32 Husbandry
Rowdy
0:38 Loom
12:52 Feudal Age
18:01 Castle Age
16:23 Double-Bit Axe
16:19 Horse Collar
16:35 Stone Mining
16:35 Gold Mining
19:26 Wheelbarrow
19:39 Fletching
24:22 Ballistics
24:40 Bodkin Arrow
26:21 Padded Archer Armor
31:31 Imperial Age
29:22 Pikeman
30:03 Squires
29:48 Arson
31:02 Hand Cart
32:04 Bow Saw
31:57 Heavy Plow
32:16 Leather Archer Armor
32:12 Forging
32:02 Scale Mail Armor
31:53 Halberdier
34:39 Conscription
34:44 Elite Longbowman
35:26 Bracer
36:54 Gold Shaft Mining
37:47 Iron Casting
37:27 Chain Mail Armor
37:42 Ring Archer Armor
38:50 Chemistry
39:48 Blast Furnace
39:40 Warwolf
40:05 Yeomen
45:13 Plate Mail Armor
myavuz001
14:35 Feudal Age
15:36 Double-Bit Axe
18:28 Castle Age
24:12 Bow Saw
30:05 Wheelbarrow
29:45 Town Watch
35:09 Imperial Age
32:20 Pikeman
33:57 Forging
33:48 Scale Mail Armor
33:26 Elite Skirmisher
35:05 Anarchy
37:41 Chemistry
36:44 Padded Archer Armor
37:31 Conscription
36:53 Halberdier
37:57 Perfusion
38:09 Halberdier
39:28 Iron Casting
42:31 Two-Man Saw
41:48 Chain Mail Armor
41:50 Leather Archer Armor
GANADO
10:08 Feudal Age
10:38 Double-Bit Axe
16:24 Castle Age
15:19 Stone Mining
16:09 Wheelbarrow
17:32 Bow Saw
19:20 Man-at-Arms
19:57 Long Swordsman
23:30 Loom
23:40 Gambesons
24:38 Squires
28:48 Town Watch
30:14 Pikeman
33:15 Scale Mail Armor
33:26 Forging
33:21 Gold Mining
38:47 Imperial Age
36:20 Town Patrol
38:50 Hand Cart
39:01 Halberdier
40:02 Chain Mail Armor
39:58 Forging
41:53 Chemistry
41:39 Light Cavalry
42:19 Husbandry
43:01 Cavalier
44:33 Paladin
Rashedul
12:03 Feudal Age
15:56 Castle Age
14:00 Double-Bit Axe
14:23 Stone Mining
18:58 Wheelbarrow
21:39 Loom
22:20 Bow Saw
22:50 Town Watch
23:26 Corvinian Army
24:51 Hand Cart
27:32 Bloodlines
27:24 Husbandry
27:49 Scale Barding Armor
28:45 Fletching
29:17 Chain Barding Armor
29:45 Gold Mining
33:06 Imperial Age
31:16 Bodkin Arrow
33:19 Ballistics
34:13 Conscription
35:29 Chemistry
35:10 Siege Engineers
36:21 Heavy Scorpion
41:51 Bracer
41:51 Padded Archer Armor
42:27 Plate Barding Armor
42:48 Elite Magyar Huszar
50:11 Two-Man Saw
48:53 Horse Collar
49:15 Scale Mail Armor
49:30 Leather Archer Armor
50:34 Chain Mail Armor
TikishTakush
12:38 Feudal Age
11:26 Double-Bit Axe
14:17 Loom
16:57 Castle Age
17:16 Horse Collar
17:35 Gold Mining
17:40 Stone Mining
19:07 Bow Saw
24:14 Wheelbarrow
27:41 Stone Shaft Mining
29:40 Imperial Age
28:04 Hand Cart
28:20 Burgundian Vineyards
28:59 Gold Shaft Mining
29:22 Husbandry
30:05 Caravan
31:40 Chemistry
31:04 Conscription
30:09 Light Cavalry
32:30 Masonry
32:16 Murder Holes
32:01 Treadmill Crane
32:26 Padded Archer Armor
32:38 Forging
33:05 Hoardings
32:01 Hussar
35:08 Iron Casting
36:16 Elite Coustillier
38:56 Blast Furnace
38:01 Scale Barding Armor
39:55 Cavalier
42:09 Chain Barding Armor
42:05 Leather Archer Armor
Sarder King
10:06 Feudal Age
11:33 Loom
14:20 Castle Age
12:43 Stone Mining
13:32 Double-Bit Axe
22:05 Pikeman
25:17 Wheelbarrow
25:02 Fletching
27:17 Horse Collar
31:15 Imperial Age
29:03 Padded Archer Armor
29:13 Squires
30:53 Heavy Plow
31:11 Hand Cart
31:31 Bodkin Arrow
32:06 Scale Mail Armor
32:22 Leather Archer Armor
33:15 Chemistry
33:50 Crenellations
33:51 Conscription
34:01 Chain Mail Armor
34:17 Ring Archer Armor
35:48 Plate Mail Armor
36:05 Hoardings
35:58 Ironclad
35:47 Halberdier
36:55 Scale Barding Armor
37:00 Forging
37:42 Ballistics
37:20 Cavalier
38:11 Bloodlines
40:32 Chain Barding Armor
40:48 Iron Casting
41:52 Plate Barding Armor
42:45 Paladin
45:31 Bow Saw
46:32 Blast Furnace
47:05 Crop Rotation
48:20 Two-Man Saw
YOGI
11:53 Feudal Age
17:55 Castle Age
17:07 Double-Bit Axe
17:06 Horse Collar
19:13 Town Watch
20:03 Wheelbarrow
22:33 Hand Cart
29:44 Imperial Age
27:36 Heavy Plow
27:57 Bow Saw
29:59 Bloodlines
30:44 Husbandry
31:49 Cavalier
37:30 Scale Barding Armor
37:25 Padded Archer Armor
37:15 Fletching
38:58 Chemistry
38:19 Ballistics
37:55 Murder Holes
38:15 Elite Skirmisher
39:07 Savar
39:28 Heavy Scorpion
41:45 Leather Archer Armor
41:25 Bodkin Arrow
43:26 Ring Archer Armor
47:58 Kamandaran
48:45 Crossbowman
49:31 Thumb Ring
Connection lost

Rejoining the realm…

Still unreachable

The connection could not be restored.

Session expired

The server has moved on; the page needs a fresh start.